Map: 匹昂台地

Players

Jay

  • Race: Protoss Protoss
  • League: Silver

Jim - Winner!

  • Race: Terran Terran
  • League: Platinum

VOD

Have the link to the VOD?

Description

david

Time

  • Played on: Nov. 10, 2015, 7:02 a.m.
  • Length: 9:32
Show
View Real Time Build Order
Export as new Build Order

Jay Protoss 

Build Orders: Oracle Opening 

Get SALT Encoding   

  12  0:00  Probe (Chrono Boost)  
  13  0:11  Probe (Chrono Boost)  
  14  0:19  Pylon  
  14  0:22  Probe (Chrono Boost)  
  15  0:37  Probe (Chrono Boost), Gateway  
  16  0:47  Probe (Chrono Boost)  
  16  0:48  Assimilator  
  17  0:57  Assimilator  
  17  0:58  Probe (Chrono Boost)  
  18  1:08  Probe (Chrono Boost)  
  19  1:19  Probe (Chrono Boost)  
  19  1:22  Pylon  
  20  1:26  Cybernetics Core  
  20  1:29  Probe (Chrono Boost)  
  21  1:36  Zealot  
  23  1:42  Probe (Chrono Boost)  
  24  1:53  Probe (Chrono Boost)  
  25  2:05  Stargate  
  25  2:15  Mothership Core (Chrono Boost)  
  26  2:17  Stalker (Chrono Boost)  
  28  2:25  Warp Gate  
  30  2:58  Pylon  
  30  2:59  Pylon  
  30  3:02  Oracle  
  31  3:19  Nexus  
  31  3:20  Pylon  
  32  3:27  Probe (Chrono Boost)  
  32  3:36  Gateway  
  32  3:37  Probe (Chrono Boost)  
  32  3:38  Gateway  
  33  3:47  Stalker  
  35  3:49  Probe (Chrono Boost)  
  36  4:00  Probe (Chrono Boost)  
  37  4:09  Robotics Facility  
  37  4:11  Probe (Chrono Boost)  
  38  4:21  Probe (Chrono Boost)  
  39  4:30  Stalker x2  
  40  4:32  Probe (Chrono Boost)  
  40  4:33  Probe (Chrono Boost)  
  42  4:49  Twilight Council, Probe x2 (Chrono Boost)  
  44  4:54  Sentry x2  
  44  4:59  Sentry  
  50  5:03  Probe x2 (Chrono Boost)  
  52  5:11  Observer  
  53  5:14  Probe (Chrono Boost)  
  53  5:16  Assimilator  
  53  5:17  Assimilator  
  53  5:18  Probe (Chrono Boost)  
  55  5:25  Probe (Chrono Boost)  
  55  5:28  Probe (Chrono Boost)  
  57  5:31  Sentry  
  60  5:35  Probe (Chrono Boost)  
  60  5:39  Probe (Chrono Boost)  
  60  5:42  Stalker  
  63  5:51  Pylon  
  63  5:55  Stalker x2  
  67  5:59  Probe x2 (Chrono Boost)  
  69  6:11  Zealot  
  71  6:19  Gateway x2  
  71  6:21  Gateway, Observer (Chrono Boost)  
  72  6:34  Stalker x2  
  72  6:35  Stalker  
  72  6:37  Blink (Chrono Boost)  
  78  6:48  Robotics Bay  
  74  7:03  Zealot x3  
  73  7:12  Probe  
  73  7:13  Probe  
  75  7:23  Pylon x2  
  75  7:25  Probe  
  76  7:30  Probe  
  75  7:38  Probe  
  75  7:41  Stalker x2  
  80  7:44  Zealot x3  
  80  7:45  Zealot  
  86  8:01  Robotics Facility  
  86  8:10  Stalker x3  
  92  8:20  Nexus  
  90  8:27  Stalker x2  
  94  8:35  Pylon  
  94  8:37  Pylon  
  94  8:40  Pylon  
  94  8:42  Pylon  
  94  8:46  Forge  
  94  8:51  Probe  
  94  8:53  Probe, Disruptor  
  99  9:06  Zealot x3  
  99  9:07  Zealot x2  
  98  9:23  Stalker  
Show
View Real Time Build Order
Export as new Build Order

Jim Terran - Winner!

Build Orders: Reaper Expand, MMM Bio 

Get SALT Encoding   

  12  0:01  SCV  
  13  0:13  SCV  
  14  0:20  Supply Depot  
  14  0:25  SCV  
  15  0:41  SCV  
  16  0:43  Barracks  
  16  0:44  Refinery  
  16  0:53  SCV  
  17  1:06  SCV  
  18  1:18  SCV  
  19  1:30  Reaper, Orbital Command  
  19  1:31  Supply Depot  
  20  1:50  Command Center  
  20  1:56  SCV  
  21  2:08  SCV  
  22  2:10  Barracks Reactor  
  22  2:20  SCV, Barracks x2  
  23  2:32  SCV  
  23  2:44  SCV  
  23  2:47  Marine x2  
  26  2:52  Engineering Bay  
  26  2:56  SCV  
  26  2:58  Bunker  
  27  3:04  Orbital Command  
  27  3:07  Marine x2  
  27  3:08  SCV, Barracks Tech Lab x2  
  30  3:13  Refinery  
  30  3:20  SCV  
  30  3:24  Marine x2  
  32  3:31  SCV  
  32  3:32  SCV  
  34  3:36  Marine x2  
  36  3:41  Supply Depot  
  36  3:43  SCV, Stimpack  
  36  3:45  SCV  
  38  3:55  SCV, Marine x2  
  41  3:57  SCV  
  42  4:04  Marine x2  
  42  4:07  SCV  
  42  4:08  Supply Depot  
  42  4:09  SCV  
  46  4:12  Marine  
  46  4:13  Factory  
  47  4:19  SCV  
  44  4:27  Missile Turret  
  43  4:32  SCV, Missile Turret  
  43  4:33  Marine x3  
  43  4:38  SCV  
  48  4:44  SCV  
  48  4:45  Supply Depot  
  49  4:50  SCV  
  50  4:53  Refinery  
  50  4:54  Combat Shields  
  50  4:55  Marine  
  50  4:56  SCV  
  52  5:01  Starport  
  52  5:02  SCV, Factory Reactor  
  53  5:08  SCV  
  53  5:09  Marauder  
  53  5:13  Marauder  
  59  5:14  SCV  
  59  5:20  SCV  
  59  5:21  Marine x2  
  62  5:24  Supply Depot  
  62  5:26  SCV  
  63  5:31  Marauder  
  63  5:32  SCV  
  63  5:34  Marauder  
  68  5:38  SCV  
  69  5:44  SCV  
  69  5:46  Supply Depot  
  69  5:47  Medivac x2  
  74  5:50  SCV  
  74  5:52  Refinery  
  74  5:57  SCV, Concussive Shells, Marauder  
  78  6:01  Supply Depot  
  78  6:07  SCV, Marine x2  
  78  6:08  Supply Depot, Marauder  
  78  6:09  SCV  
  84  6:13  Supply Depot  
  86  6:18  Marauder, Medivac  
  86  6:22  Medivac  
  90  6:34  Command Center  
  90  6:36  SCV  
  91  6:42  Marine x4  
  95  6:50  SCV x2  
  97  6:59  Marine x2  
  97  7:06  Marauder  
  97  7:07  Factory Reactor, Medivac x2  
  103  7:09  Marine  
  103  7:10  SCV  
  103  7:14  Starport  
  105  7:17  Marine  
  105  7:18  SCV  
  105  7:21  Terran Infantry Weapons Level 1  
  107  7:25  Barracks  
  107  7:26  Barracks  
  107  7:36  Marine x2  
  111  7:37  Marauder  
  110  7:49  Marine  
  110  7:51  SCV x2  
  107  7:54  Marine  
  107  7:56  Orbital Command  
  110  7:58  Marauder  
  110  8:03  SCV x2  
  112  8:14  Command Center  
  112  8:15  SCV  
  112  8:17  Marine x3  
  112  8:18  Medivac  
  112  8:19  Medivac  
  122  8:20  Barracks Tech Lab x2, Marauder  
  122  8:22  Barracks  
  122  8:33  SCV x3  
  125  8:37  Supply Depot  
  125  8:38  Marine x3  
  125  8:39  Supply Depot  
  125  8:40  Supply Depot  
  130  8:41  Marauder  
  130  8:42  Factory Reactor  
  130  8:45  SCV x2  
  130  8:47  Engineering Bay  
  132  8:48  Marine  
  132  8:50  Armory  
  133  8:59  Medivac x3, Marine x2  
  141  9:03  Marine x2  
  141  9:09  Marine x3  
Tags
 
Add a new tag
Caveats
  • Supply blocks, unpowered buildings, or Contaminate may cause inaccurate times.
  • Supply counts are checked every 10 seconds.